[Event "ICC tourney 2156 (40 10)"]
[Site "Internet Chess Club"]
[Date "2020.11.22"]
[Round "4"]
[White "Chesssaga"]
[Black "JonnyTurgi"]
[Result "1/2-1/2"]
[ICCResult "Game drawn by mutual agreement"]
[WhiteElo "1986"]
[BlackElo "2085"]
[Opening "Caro-Kann: advance variation"]
[ECO "B12"]
[NIC "CK.04"]
[Time "17:47:05"]
[TimeControl "2400+10"]

1. e4 c6 2. d4 d5 3. e5 Bf5 4. Nf3 e6 5. Be2 c5 6. O-O Nc6 7. c3 cxd4 8.
cxd4 Nge7 9. Nc3 Nc8 10. Be3 Nb6 11. Rc1 Be7 12. Na4 Nxa4 13. Qxa4 Qb6 14.
Nd2 h5 15. Nb3 Bg6 16. Nc5 Bxc5 17. Rxc5 O-O 18. Qa3 a6 19. Rfc1 Rfc8 20.
Qc3 Qd8 21. Qd2 Na7 22. Qd1 h4 23. h3 Rxc5 24. Rxc5 Rc8 25. Qc1 Rxc5 26.
Qxc5 Nc6 27. b4 Qe7 28. Qxe7 Nxe7 29. a4 Bc2 30. a5 Ba4 31. Bd2
{Game drawn by mutual agreement}
1/2-1/2

[Event "ICC tourney 2156 (40 10)"]
[Site "Internet Chess Club"]
[Date "2020.11.22"]
[Round "4"]
[White "KnightHopper"]
[Black "espark"]
[Result "0-1"]
[ICCResult "White resigns"]
[WhiteElo "2011"]
[BlackElo "2331"]
[Opening "Robatsch (modern) defense"]
[ECO "B06"]
[NIC "KF.05"]
[Time "17:47:50"]
[TimeControl "2400+10"]

1. e4 g6 2. d4 Bg7 3. Be3 d6 4. Nc3 a6 5. f4 b5 6. a3 Nd7 7. Nf3 Bb7 8. e5
e6 9. Bd3 Ne7 10. Qe2 Nd5 11. Nxd5 Bxd5 12. O-O-O Qe7 13. Qf2 Rc8 14. Nd2
Nb6 15. Be4 Nc4 16. Bxd5 exd5 17. f5 Nxe3 18. f6 Nxd1 19. Qh4 Qf8 20. Qg4
Kd8 21. fxg7 Qxg7 22. Qg5+ Kd7 23. Rxd1 h6 24. Qg4+ Kc6 25. Nb3 dxe5 26.
Na5+ Kb6 27. Qd7 Qf6 28. dxe5 Qe6 {White resigns} 0-1

[Event "ICC tourney 2156 (40 10)"]
[Site "Internet Chess Club"]
[Date "2020.11.22"]
[Round "4"]
[White "GutsyEdge"]
[Black "mnm2"]
[Result "1-0"]
[ICCResult "Black checkmated"]
[WhiteElo "2009"]
[BlackElo "1532"]
[Opening "Queen's gambit declined"]
[ECO "D30"]
[NIC "QP.08"]
[Time "17:47:09"]
[TimeControl "2400+10"]

1. d4 d5 2. c4 e6 3. Nf3 Nf6 4. g3 c5 5. cxd5 exd5 6. Bg2 Bd6 7. dxc5 Bxc5
8. Qc2 Bb6 9. O-O O-O 10. Nc3 Nc6 11. Bg5 Be6 12. Na4 Bc7 13. Nc5 Rb8 14. e4
d4 15. Rfd1 Nb4 16. Qd2 Nc6 17. b4 Bd6 18. a3 h6 19. Bh4 Be7 20. Bxf6 Bxf6
21. Rac1 Bg4 22. h4 Re8 23. Re1 Bxf3 24. Bxf3 Ne5 25. Bg2 b6 26. Nb3 Ng6 27.
h5 Nf8 28. Rcd1 Ne6 29. e5 Be7 30. Nxd4 Nxd4 31. Qxd4 Qxd4 32. Rxd4 Rbc8 33.
e6 Bf6 34. exf7+ Kxf7 35. Rd7+ Kg8 36. Bd5+ Kh7 37. Rxe8 Rxe8 38. Rxa7 Re1+
39. Kg2 Bd4 40. Bf7 g5 41. hxg6+ Kg7 42. Be8+ Kg8 43. Bb5 Re5 44. Bc4+ Kf8
45. g7+ Ke8 46. g8=Q# {Black checkmated} 1-0

[Event "ICC tourney 2156 (40 10)"]
[Site "Internet Chess Club"]
[Date "2020.11.22"]
[Round "4"]
[White "fascimate"]
[Black "michaelxiao"]
[Result "1-0"]
[ICCResult "Black resigns"]
[WhiteElo "1647"]
[BlackElo "1318"]
[Opening "French: Tarrasch, open variation, main line"]
[ECO "C09"]
[NIC "FR.22"]
[Time "17:47:14"]
[TimeControl "2400+10"]

1. e4 e6 2. d4 d5 3. Nd2 c5 4. Ngf3 Nc6 5. exd5 exd5 6. Bb5 Be7 7. Ne5 Bd7
8. Bxc6 Bxc6 9. c3 cxd4 10. cxd4 Nf6 11. O-O O-O 12. Ndf3 Ne4 13. Bf4 Bb5
14. Re1 Bb4 15. Nd2 Qh4 16. g3 Qh3 17. Nxe4 Bxe1 18. Qxe1 dxe4 19. Qxe4 Rfe8
20. Qd5 Rxe5 21. Qxe5 Bc6 22. d5 Bd7 23. Re1 h6 24. Qe4 Re8 25. Qb4 Rxe1+
26. Qxe1 Bb5 27. f3 Qf5 28. Qd1 Bc4 29. d6 Qd7 30. b3 Be6 31. Qc2 f6 32. g4
Kh8 33. Qc5 b6 34. Qc7 Qb5 35. Qe7 Qd5 36. Kf2 Qd4+ 37. Be3 Qb2+ 38. Ke1
Qb1+ 39. Ke2 Qxa2+ 40. Kf1 Qb1+ 41. Kf2 Qc2+ 42. Kg3 Qc8 43. Qxa7 Qd8 44.
Qxb6 Qd7 45. b4 Bc4 46. Qc7 Qxc7 47. dxc7 Ba6 48. b5 Bc8 49. b6 Kg8 50. Kf4
Kf7 51. Ke4 Ke6 52. Bc5 Bb7+ 53. Kf4 g5+ 54. Ke3 Kd7 55. Bd4 Kc6 56. Ke4 Bc8
57. Bxf6 Kxb6 58. Bg7 Kxc7 59. Bxh6 Bb7+ 60. Ke3 Bc6 61. Bxg5 Kd7 62. h4 Ke6
63. h5 Kf7 64. Kf4 Kg7 65. Kg3 Bd5 66. f4 Be4 67. Kh4 Bh7 68. Bd8 Kh6 69.
Be7 Kg7 70. Kg5 Be4 71. f5 Bd5 72. f6+ Kh7 73. Kf5 Bf7 74. Kg5 Bd5 75. Kh4
Bf7 76. g5 Be8 77. g6+ Bxg6 78. hxg6+ Kxg6 79. Kg4 Kf7 80. Kf5 Kg8
{Black resigns}
1-0

[Event "ICC tourney 2156 (40 10)"]
[Site "Internet Chess Club"]
[Date "2020.11.22"]
[Round "4"]
[White "jy2020"]
[Black "xyzchessdude"]
[Result "1-0"]
[ICCResult "Black resigns"]
[WhiteElo "2228"]
[BlackElo "2000"]
[Opening "Sicilian"]
[ECO "B56"]
[NIC "SI.25"]
[Time "17:47:10"]
[TimeControl "2400+10"]

1. e4 c5 2. Nf3 Nc6 3. d4 cxd4 4. Nxd4 Nf6 5. Nc3 d6 6. f3 e5 7. Nb3 Be7 8.
Be3 O-O 9. Qd2 Be6 10. O-O-O a5 11. Bb5 Na7 12. Bxa7 Rxa7 13. Qf2 Ra8 14.
Kb1 Qc7 15. Rd2 Rfd8 16. Rhd1 Nd7 17. Bxd7 Rxd7 18. a4 Bg5 19. Rd3 Bc4 20.
Nd5 Bxd5 21. Rxd5 Rdd8 22. Qe2 Be7 23. Nc1 Rdc8 24. Na2 Qc4 25. Qxc4 Rxc4
26. b3 Rc6 27. c4 g6 28. Nc3 f5 29. exf5 gxf5 30. f4 exf4 31. Rxf5 Rf8 32.
Nd5 Rf7 33. Rxf4 Rc8 34. Rxf7 Kxf7 35. Rf1+ Bf6 36. Rxf6+ Kg7 37. Kc2 Re8
38. Kd2 Re5 39. Rxd6 Rg5 40. g3 {Black resigns} 1-0

[Event "ICC tourney 2156 (40 10)"]
[Site "Internet Chess Club"]
[Date "2020.11.22"]
[Round "4"]
[White "joeandjoe56"]
[Black "Theutltl"]
[Result "0-1"]
[ICCResult "White resigns"]
[WhiteElo "1710"]
[BlackElo "1439"]
[Opening "Sicilian: Najdorf"]
[ECO "B90"]
[NIC "SI.14"]
[Time "17:47:12"]
[TimeControl "2400+10"]

1. e4 c5 2. Nf3 d6 3. d4 cxd4 4. Nxd4 Nf6 5. Nc3 a6 6. f3 e5 7. Nb3 Be6 8.
Be3 Be7 9. Qd2 Nbd7 10. g4 b5 11. Nd5 Bxd5 12. exd5 Nb6 13. Bxb6 Qxb6 14. g5
Nh5 15. O-O-O Nf4 16. h4 O-O 17. Bd3 Rfc8 18. Rdg1 a5 19. h5 a4 20. Na1 Qd4
21. Be4 Qxd2+ 22. Kxd2 Rc5 23. b4 Rc4 24. g6 h6 25. gxf7+ Kxf7 26. c3 Rac8
27. Rc1 Bg5 28. Kd1 Rxc3 29. Rxc3 Rxc3 30. Nc2 Nd3 31. Rf1 Nb2+ 32. Ke2 Nc4
33. Bd3 Na3 34. Ne3 Bxe3 35. Kxe3 Nc4+ 36. Ke2 Ra3 37. Bb1 Re3+ 38. Kd1 Rc3
39. Ke2 Ne3 40. Kd2 Ra3 41. f4 Nxf1+ {White resigns} 0-1

[Event "ICC tourney 2156 (40 10)"]
[Site "Internet Chess Club"]
[Date "2020.11.22"]
[Round "4"]
[White "mnm1"]
[Black "KittiesRock18"]
[Result "0-1"]
[ICCResult "White forfeits on time"]
[WhiteElo "1503"]
[BlackElo "1820"]
[Opening "Sicilian: Prins (Moscow) variation"]
[ECO "B55"]
[NIC "SI.01"]
[Time "17:47:22"]
[TimeControl "2400+10"]

1. e4 c5 2. Nf3 d6 3. d4 cxd4 4. Nxd4 Nf6 5. f3 Nc6 6. Be3 Qb6 7. Nc3 e5 8.
Nf5 Qd8 9. Ng3 Be6 10. Be2 d5 11. exd5 Nxd5 12. Nxd5 Bxd5 13. Qd2 Be6 14.
O-O-O Qxd2+ 15. Rxd2 f5 16. Bf2 g6 17. Kb1 h5 18. Bb5 h4 19. Ne2 h3 20. g3
a6 21. Bd3 Nb4 22. a3 Nxd3 23. Rxd3 Bc4 24. Rd2 Bh6 25. f4 O-O 26. Be3 Rfd8
27. Rhd1 Rxd2 28. Rxd2 Re8 29. Nc3 exf4 30. Bxf4 g5 31. Bd6 f4 32. gxf4 gxf4
33. b3 f3 34. Rf2 Re3 35. bxc4 Rxc3 36. Rf1 Re3 37. Bc5 Re2 38. Rxf3 Rxh2
39. Kb2 Rh1 40. Bd6 Bg7+ 41. Kb3 Bd4 42. Kb4 b6 43. c3 Bh8 44. c5 bxc5+ 45.
Kxc5 Kh7 46. c4 Kh6 47. Kb6 Kg5 48. Kxa6 Kg4 49. Re3 Kf5 50. c5 Bd4 51. Rd3
Ke4 52. Rg3 Kd5 53. Rg5+ Kc6 54. Rh5 Be3 55. a4 Ra1 56. Rh4 Ra3 57. Ka7 Bf2
{White forfeits on time}
0-1

[Event "ICC tourney 2156 (40 10)"]
[Site "Internet Chess Club"]
[Date "2020.11.22"]
[Round "4"]
[White "crazyhorse9"]
[Black "chessKingR"]
[Result "0-1"]
[ICCResult "White checkmated"]
[WhiteElo "1452"]
[BlackElo "1853"]
[Opening "Sicilian: Grand Prix attack"]
[ECO "B23"]
[NIC "SI.44"]
[Time "17:47:13"]
[TimeControl "2400+10"]

1. e4 c5 2. Nc3 Nc6 3. f4 d6 4. Nf3 g6 5. Be2 Bg7 6. d3 Nf6 7. O-O O-O 8.
Bd2 a6 9. a4 b6 10. Kh1 Bb7 11. Qe1 Nd4 12. Nxd4 cxd4 13. Nb1 d5 14. e5 Nd7
15. Qf2 Rc8 16. Na3 Nc5 17. Qxd4 f6 18. Bg4 Rc7 19. Nb1 fxe5 20. Qb4 Qd6 21.
Nc3 exf4 22. Bxf4 e5 23. Bg3 Rcf7 24. Rxf7 Rxf7 25. d4 Qf6 26. h3 exd4 27.
Ne2 Ne4 28. Re1 Bf8 29. Qb3 h5 30. Bf3 h4 31. Bh2 Nd2 32. Qd3 Nxf3 33. Qxf3
Qxf3 34. gxf3 Rxf3 35. Nxd4 Rf2 36. Re8 Kf7 37. Rb8 Rxh2+ 38. Kg1 Rxh3 39.
Rxb7+ Kg8 40. Rb8 Re3 41. Kf2 Re4 42. c3 Kg7 43. Rxb6 a5 44. Ra6 g5 45. Rxa5
h3 46. Kg1 g4 47. Ra7+ Kg6 48. Ra6+ Kh5 49. Ne6 g3 50. Kf1 g2+ 51. Kf2 Rxe6
52. Rxe6 Bc5+ 53. Ke1 g1=Q+ 54. Kd2 Qf2+ 55. Kd1 Qf1+ 56. Kd2 Qf4+ 57. Kd1
Qg4+ 58. Re2 h2 59. Kd2 Qxe2+ 60. Kxe2 h1=Q 61. Kd3 Qe4+ 62. Kd2 Be3+ 63.
Ke2 Bf4+ 64. Kf2 Qe3+ 65. Kg2 Qe2+ 66. Kh3 Qg4# {White checkmated} 0-1

[Event "ICC tourney 2156 (40 10)"]
[Site "Internet Chess Club"]
[Date "2020.11.22"]
[Round "4"]
[White "Sahabangs"]
[Black "orwind"]
[Result "0-1"]
[ICCResult "White resigns"]
[WhiteElo "1800"]
[BlackElo "1644"]
[Opening "Sicilian defense"]
[ECO "B44"]
[NIC "SI.39"]
[Time "17:47:34"]
[TimeControl "2400+10"]

1. e4 c5 2. Nf3 e6 3. d4 cxd4 4. Nxd4 Nc6 5. c4 Bb4+ 6. Nc3 Nge7 7. Nxc6
bxc6 8. Bd2 O-O 9. Bd3 Bb7 10. O-O d5 11. exd5 cxd5 12. Qg4 dxc4 13. Bh6 Ng6
14. Bxg6 hxg6 15. Bg5 Qc7 16. Rac1 Rac8 17. Ne4 f5 18. Qh4 Bxe4 19. Rfd1 Kf7
20. Rd4 Bd5 21. Bf4 Qb6 22. Be5 Bc5 23. Rf4 Rh8 24. Qg3 Be7 25. Rd4 Bf6 26.
Re1 Bxe5 27. Qxe5 Qc7 28. Rxd5 exd5 29. Qxd5+ Kf8 30. h3 Re8 31. Rxe8+ Kxe8
32. Qa8+ Qd8 33. Qc6+ Ke7 34. Qc5+ Qd6 35. Qxa7+ Kf6 36. Qa5 Re8 37. Qc3+
Qe5 38. Qxc4 Rd8 39. g3 Rd1+ 40. Kh2 Qd5 41. Qxd5 Rxd5 42. Kg2 Rd2 43. Kf3
Rxb2 44. Kg2 Rxa2 45. Kf3 g5 {White resigns} 0-1

[Event "ICC tourney 2156 (40 10)"]
[Site "Internet Chess Club"]
[Date "2020.11.22"]
[Round "4"]
[White "runtilmorrow1"]
[Black "MrNormalName"]
[Result "0-1"]
[ICCResult "White checkmated"]
[WhiteElo "1957"]
[BlackElo "2187"]
[Opening "Ruy Lopez: Berlin defense, open variation"]
[ECO "C67"]
[NIC "RL.07"]
[Time "17:48:01"]
[TimeControl "2400+10"]

1. e4 e5 2. Nf3 Nc6 3. Bb5 Nf6 4. O-O Nxe4 5. Re1 Nd6 6. Bxc6 dxc6 7. Nxe5
Be7 8. Nc3 O-O 9. d3 f6 10. Ng4 Nf5 11. Ne3 Nd4 12. Ne2 c5 13. c3 Nxe2+ 14.
Qxe2 Re8 15. Nc2 Bd7 16. Be3 Bd6 17. Rad1 Qe7 18. Qh5 Qf7 19. Qxf7+ Kxf7 20.
f4 Rad8 21. c4 Bg4 22. Rd2 Bf5 23. h3 h5 24. Kf2 h4 25. Kf3 Rd7 26. Bf2 Rxe1
27. Nxe1 g5 28. fxg5 fxg5 29. Be3 Kg6 30. d4 Bg3 31. Bf2 Bxf2 32. Kxf2 Rxd4
33. Nf3 Rxd2+ 34. Nxd2 Kf6 35. Ke3 Bc2 36. g3 hxg3 37. Kf3 Ke5 38. Kxg3 Bd1
39. Nf3+ Kf5 40. Nd2 c6 41. Nb1 Be2 42. Nd2 b5 43. cxb5 cxb5 44. Nb3 Bc4 45.
Nxc5 Bxa2 46. b4 Bb1 47. Nb7 Bd3 48. Nd8 Be4 49. Nf7 Kf6 50. Nd6 Bc6 51. h4
gxh4+ 52. Kxh4 Ke6 53. Nc8 a6 54. Kg3 Bb7 55. Nb6 Kd6 56. Kf2 Kc6 57. Na4
bxa4 58. Ke2 a3 59. Kd2 a2 60. Kc2 a1=Q 61. b5+ axb5 62. Kb3 Kc5 63. Kc2
Be4+ 64. Kb3 Qb1+ 65. Ka3 b4+ 66. Ka4 Bc6+ 67. Ka5 Qa2# {White checkmated}
0-1

[Event "ICC tourney 2156 (40 10)"]
[Site "Internet Chess Club"]
[Date "2020.11.22"]
[Round "4"]
[White "musk6868"]
[Black "eigenator"]
[Result "0-1"]
[ICCResult "White checkmated"]
[WhiteElo "2069"]
[BlackElo "2226"]
[Opening "French: Tarrasch, Guimard main line"]
[ECO "C04"]
[NIC "FR.15"]
[Time "17:47:06"]
[TimeControl "2400+10"]

1. e4 e6 2. d4 d5 3. Nd2 Nc6 4. Ngf3 Nf6 5. e5 Nd7 6. Nb3 a5 7. a4 b6 8. Bb5
Bb7 9. O-O Be7 10. Re1 O-O 11. g3 Na7 12. Bf1 c5 13. c3 Nc6 14. h4 Qc8 15.
Bh3 h6 16. Bf4 Re8 17. Rc1 Bf8 18. Nbd2 Ba6 19. c4 Nb4 20. cxd5 Nxd5 21. Be3
Qb8 22. Nc4 cxd4 23. Bxd4 Bb4 24. Re2 Rd8 25. Nfd2 Nc5 26. Ne4 Nxe4 27. Rxe4
Bxc4 28. Rxc4 b5 29. axb5 Qxb5 30. Bf1 Ne7 31. Qh5 Qe8 32. Rf4 Rac8 33. b3
Bd2 34. Re4 Nf5 35. Bb6 Rxc4 36. Rxc4 Rb8 37. Qe2 Qd7 38. Rc7 Qd5 39. Rc5
Nd4 40. Qa6 Nf3+ 41. Kh1 Qxb3 42. Bxa5 Bxa5 43. Qxa5 Qb1 44. Rc7 Qxf1#
{White checkmated}
0-1

[Event "ICC tourney 2156 (40 10)"]
[Site "Internet Chess Club"]
[Date "2020.11.22"]
[Round "5"]
[White "MrNormalName"]
[Black "HR2005"]
[Result "1/2-1/2"]
[ICCResult "Game drawn by mutual agreement"]
[WhiteElo "2180"]
[BlackElo "2027"]
[Opening "King's Indian: Andersson variation"]
[ECO "E92"]
[NIC "KI.18"]
[Time "20:02:11"]
[TimeControl "2400+10"]

1. d4 Nf6 2. c4 g6 3. Nc3 Bg7 4. e4 d6 5. Nf3 O-O 6. Be2 e5 7. dxe5 dxe5 8.
Qxd8 Rxd8 9. Nd5 Nxd5 10. cxd5 c6 11. Bc4 cxd5 12. Bxd5 Nc6 13. Bg5 Rd6 14.
O-O Be6 15. Bxe6 fxe6 16. Rac1 h6 17. Be3 Rad8 {Game drawn by mutual
agreement} 1/2-1/2

[Event "ICC tourney 2156 (40 10)"]
[Site "Internet Chess Club"]
[Date "2020.11.22"]
[Round "5"]
[White "jxfan1"]
[Black "SanthoshA"]
[Result "1-0"]
[ICCResult "Black checkmated"]
[WhiteElo "1381"]
[BlackElo "1544"]
[Opening "Ruy Lopez: Marshall, main line, 14...Qh3"]
[ECO "C89"]
[NIC "RL.17"]
[Time "20:01:18"]
[TimeControl "2400+10"]

1. e4 e5 2. Nf3 Nc6 3. Bb5 a6 4. Ba4 Nf6 5. O-O Be7 6. Re1 b5 7. Bb3 O-O 8.
c3 d5 9. exd5 Nxd5 10. Nxe5 Nxe5 11. Rxe5 c6 12. d4 Bd6 13. Re1 Qh4 14. g3
Qh3 15. Re4 g5 16. Qf3 g4 17. Qg2 Qh5 18. Nd2 f5 19. Re1 f4 20. gxf4 Bxf4
21. Nf1 Bxc1 22. Raxc1 Rd8 23. Re5 Qf7 24. Ne3 Be6 25. Nxd5 cxd5 26. Rce1
Rd6 27. Rxe6 Rxe6 28. Rxe6 Kh8 29. Bxd5 Rd8 30. Rd6 Qe7 31. Rxd8+ Qxd8 32.
Qe4 h6 33. Bf7 Qa5 34. Qg6 Qb6 35. Qg8# {Black checkmated} 1-0

[Event "ICC tourney 2156 (40 10)"]
[Site "Internet Chess Club"]
[Date "2020.11.22"]
[Round "5"]
[White "Theutltl"]
[Black "runtilmorrow1"]
[Result "0-1"]
[ICCResult "White resigns"]
[WhiteElo "1437"]
[BlackElo "1959"]
[Opening "Sicilian: dragon, Yugoslav attack, Rauser variation"]
[ECO "B76"]
[NIC "SI.17"]
[Time "20:01:25"]
[TimeControl "2400+10"]

1. e4 c5 2. Nf3 d6 3. d4 cxd4 4. Nxd4 Nf6 5. Nc3 g6 6. Be3 Bg7 7. f3 O-O 8.
Qd2 Nc6 9. O-O-O d5 10. exd5 Nxd5 11. Nxd5 Qxd5 12. Nxc6 Qxc6 13. Kb1 Bf5
14. Bd3 Rfd8 15. Qe2 Qf6 16. Bc1 Be6 17. Bc4 Bxc4 18. Qxc4 Rdc8 19. Qb3 a5
20. Rhe1 a4 21. Qe3 a3 22. Qxe7 axb2 23. Bg5 Qa6 {White resigns} 0-1

[Event "ICC tourney 2156 (40 10)"]
[Site "Internet Chess Club"]
[Date "2020.11.22"]
[Round "5"]
[White "michaelxiao"]
[Black "joeandjoe56"]
[Result "0-1"]
[ICCResult "White resigns"]
[WhiteElo "1315"]
[BlackElo "1713"]
[Opening "Neo-Grünfeld, 6.cd Nxd5, 7.O-O"]
[ECO "D75"]
[NIC "EO.64"]
[Time "20:01:21"]
[TimeControl "2400+10"]

1. c4 Nf6 2. g3 g6 3. Bg2 d5 4. cxd5 Nxd5 5. Nf3 Bg7 6. d4 O-O 7. O-O c5 8.
e4 Nf6 9. Nc3 Bg4 10. d5 Qa5 11. h3 Bxf3 12. Bxf3 Nbd7 13. Bd2 Ne5 14. Bg2
Nc4 15. Qc2 Rac8 16. f4 Nd7 17. e5 b5 18. Ne4 Nxd2 19. Nxd2 c4 20. e6 Nc5
21. f5 Nd3 22. fxg6 fxg6 23. Ne4 Bxb2 24. Rxf8+ Rxf8 25. Rf1 Qb6+ 26. Kh2
Rxf1 27. Bxf1 Qe3 28. Bg2 Be5 29. Qd1 Nf2 30. Nxf2 Qxf2 31. Qg4 c3 32. Qh4
Qxg3+ 33. Qxg3 Bxg3+ 34. Kxg3 c2 {White resigns} 0-1

[Event "ICC tourney 2156 (40 10)"]
[Site "Internet Chess Club"]
[Date "2020.11.22"]
[Round "5"]
[White "TjkTiger"]
[Black "town"]
[Result "1-0"]
[ICCResult "Black resigns"]
[WhiteElo "2612"]
[BlackElo "2148"]
[Opening "English: four knights, Nimzovich variation"]
[ECO "A28"]
[NIC "EO.09"]
[Time "20:02:11"]
[TimeControl "2400+10"]

1. c4 e5 2. Nc3 Nf6 3. Nf3 Nc6 4. e4 Bc5 5. Nxe5 Nxe5 6. d4 Bb4 7. dxe5 Nxe4
8. Qf3 Nxc3 9. bxc3 Ba5 10. Bf4 O-O 11. O-O-O Qe7 12. Kb2 Rb8 13. Qe3 Bb6
14. Qg3 Re8 15. Bd3 Bc5 16. Ka1 a6 17. Rhe1 b5 18. Bg5 Qe6 19. Bf6 Bf8 20.
Re3 h6 21. Qh4 g6 22. Rg3 Bb7 23. Qh5 Bg7 24. Bxg6 fxg6 25. Rxg6 Qxc4 26.
Rxg7+ Kf8 27. Rf7+ Qxf7 28. Qxh6+ {Black resigns} 1-0

[Event "ICC tourney 2156 (40 10)"]
[Site "Internet Chess Club"]
[Date "2020.11.22"]
[Round "5"]
[White "KittiesRock18"]
[Black "GutsyEdge"]
[Result "1-0"]
[ICCResult "Black resigns"]
[WhiteElo "1844"]
[BlackElo "1985"]
[Opening "Sicilian: Kan, 5.Nc3"]
[ECO "B43"]
[NIC "SI.41"]
[Time "20:01:28"]
[TimeControl "2400+10"]

1. e4 c5 2. Nf3 e6 3. d4 cxd4 4. Nxd4 a6 5. Nc3 Qc7 6. Be2 Nf6 7. O-O Be7 8.
f4 d6 9. Be3 Nbd7 10. Qe1 O-O 11. Qg3 Nc5 12. Bf3 Rb8 13. f5 b5 14. fxe6
Nxe6 15. Nf5 g6 16. Nxe7+ Qxe7 17. Nd5 Nxd5 18. exd5 Ng7 19. Qf2 Bb7 20.
Rad1 Nf5 21. Bf4 Qf6 22. c3 Rfe8 23. a3 h5 24. Rde1 Rxe1 25. Rxe1 Nh4 26.
Be4 Re8 27. g3 Bxd5 28. Bxd5 Rxe1+ 29. Qxe1 g5 30. Bxd6 Qxd6 31. Qe8+ Kg7
32. Qxf7+ Kh6 33. gxh4 Qc5+ 34. Kh1 Qe3 35. Qf6+ Kh7 36. Qf5+ Kh8 37. Qf8+
Kh7 38. Qg8+ Kh6 39. Qxg5+ {Black resigns} 1-0

[Event "ICC tourney 2156 (40 10)"]
[Site "Internet Chess Club"]
[Date "2020.11.22"]
[Round "5"]
[White "chessKingR"]
[Black "jy2020"]
[Result "0-1"]
[ICCResult "White resigns"]
[WhiteElo "1850"]
[BlackElo "2231"]
[Opening "Nimzo-Indian: classical, Noa variation, 5.cd ed"]
[ECO "E35"]
[NIC "NI.23"]
[Time "20:01:35"]
[TimeControl "2400+10"]

1. d4 Nf6 2. c4 e6 3. Nc3 Bb4 4. Qc2 d5 5. cxd5 exd5 6. Bg5 h6 7. Bh4 O-O 8.
e3 c5 9. Nf3 Be6 10. a3 cxd4 11. Nxd4 Be7 12. Bd3 Nbd7 13. O-O Rc8 14. Rac1
Nc5 15. Bf5 Qd7 16. Rfd1 Rfd8 17. h3 b6 18. b4 Nce4 19. Bxe6 fxe6 20. Qb2
Rxc3 21. Rxc3 Nxc3 22. Qxc3 Ne4 23. Qc2 Bxh4 24. Nc6 Bxf2+ 25. Kh2 Qd6+ 26.
Kh1 Ng3+ {White resigns} 0-1

[Event "ICC tourney 2156 (40 10)"]
[Site "Internet Chess Club"]
[Date "2020.11.22"]
[Round "5"]
[White "che2468"]
[Black "ToughTurtle"]
[Result "1-0"]
[ICCResult "Black resigns"]
[WhiteElo "1487"]
[BlackElo "1472"]
[Opening "Queen's pawn: Chigorin variation"]
[ECO "D00"]
[NIC "QP.08"]
[Time "20:01:27"]
[TimeControl "2400+10"]

1. d4 d5 2. Nc3 Nf6 3. Bf4 c5 4. e3 a6 5. Nf3 Nc6 6. Be2 Bf5 7. O-O e6 8.
Nh4 Bg6 9. Nxg6 hxg6 10. Bf3 cxd4 11. exd4 Qb6 12. Ne2 Qd8 13. Rc1 Bd6 14.
c4 Bxf4 15. Nxf4 Qd6 16. g3 dxc4 17. Rxc4 g5 18. Ne2 g4 19. Bg2 Rh7 20. Qc2
Kd7 21. Rc1 Nd5 22. Qxh7 {Black resigns} 1-0

[Event "ICC tourney 2156 (40 10)"]
[Site "Internet Chess Club"]
[Date "2020.11.22"]
[Round "5"]
[White "AJ2000"]
[Black "KnightHopper"]
[Result "0-1"]
[ICCResult "White checkmated"]
[WhiteElo "1653"]
[BlackElo "2015"]
[Opening "Sicilian: Prins (Moscow) variation"]
[ECO "B55"]
[NIC "SI.01"]
[Time "20:01:14"]
[TimeControl "2400+10"]

1. e4 c5 2. Nf3 d6 3. d4 cxd4 4. Nxd4 Nf6 5. f3 e5 6. Nb3 Be6 7. c4 Nc6 8.
Nc3 Be7 9. Bg5 Nxe4 10. Nxe4 Bxg5 11. Nxd6+ Ke7 12. Nxb7 Qb6 13. Qd6+ Ke8
14. N3c5 Be7 15. Qd2 Bxc5 16. Nxc5 Qxc5 17. b4 Nxb4 18. Rb1 Nc6 19. Rb5 Qd4
20. Qc2 Rd8 21. Be2 Qe3 22. Rb3 Nd4 23. Qc3 Qxe2# {White checkmated} 0-1

[Event "ICC tourney 2156 (40 10)"]
[Site "Internet Chess Club"]
[Date "2020.11.22"]
[Round "5"]
[White "che8642"]
[Black "TheDude865"]
[Result "1-0"]
[ICCResult "Black resigns"]
[WhiteElo "1532"]
[BlackElo "1474"]
[Opening "Pirc: Byrne variation"]
[ECO "B07"]
[NIC "PU.09"]
[Time "20:01:17"]
[TimeControl "2400+10"]

1. d4 Nf6 2. Nc3 g6 3. e4 d6 4. Bg5 Bg7 5. Qd2 Nc6 6. O-O-O b6 7. Bb5 Bd7 8.
f4 a6 9. Be2 b5 10. d5 Na5 11. a3 Nb7 12. e5 Nh5 13. g4 Nxf4 14. Bxf4 dxe5
15. Be3 Nd6 16. h3 a5 17. Bh6 O-O 18. Bxg7 Kxg7 19. Qe3 f6 20. Ne4 b4 21.
Nc5 bxa3 22. Qxa3 c6 23. dxc6 Bc8 24. Ne4 Qc7 25. Nxd6 exd6 26. Qxd6 Qxd6
27. Rxd6 Ba6 28. Bf3 Rac8 29. Ne2 Rfe8 30. Rhd1 e4 31. Rd7+ Kh6 32. g5+ fxg5
33. Bg4 Rxc6 34. Nd4 Rc4 35. Be2 Rxd4 36. Bxa6 Rxd7 37. Rxd7 e3 38. Be2 Re4
39. Rd3 Kg7 40. Kd1 Kf6 41. Ke1 Kf5 42. Bf3 Rb4 43. b3 Kf4 44. Ke2 Kg3 45.
Bg4 Re4 46. Rxe3+ Rxe3+ 47. Kxe3 h5 48. Be6 g4 49. hxg4 hxg4 50. c4 Kh3 51.
Kf4 a4 52. bxa4 g5+ 53. Kxg5 Kg3 54. Bxg4 Kf2 55. a5 Kg1 56. a6 Kg2 57. a7
Kh2 58. c5 Kg2 59. a8=Q+ Kh2 60. Kh4 Kg1 61. Kg3 {Black resigns} 1-0

[Event "ICC tourney 2156 (40 10)"]
[Site "Internet Chess Club"]
[Date "2020.11.22"]
[Round "5"]
[White "marinaxiao"]
[Black "mnm1"]
[Result "1/2-1/2"]
[ICCResult "Game drawn by repetition"]
[WhiteElo "1497"]
[BlackElo "1503"]
[Opening "Sicilian: Boleslavsky variation, 7.Nb3"]
[ECO "B59"]
[NIC "SI.25"]
[Time "20:01:28"]
[TimeControl "2400+10"]

1. e4 c5 2. Nf3 d6 3. d4 cxd4 4. Nxd4 Nf6 5. Nc3 Nc6 6. Be2 e5 7. Nb3 Be6 8.
Be3 Be7 9. O-O O-O 10. f4 a6 11. Bd3 Ng4 12. Bf2 exf4 13. Nd5 Bh4 14. Bb6
Qg5 15. Nxf4 Bf2+ 16. Bxf2 Qxf4 17. Bg3 Qe3+ 18. Kh1 Rad8 19. Rf3 Qh6 20.
Bf4 g5 21. Bg3 Nce5 22. Bxe5 dxe5 23. h3 Qh4 24. Kg1 Nh6 25. Qe2 g4 26. Qf2
Qe7 27. Rg3 Kh8 28. hxg4 Nxg4 29. Qe2 Qh4 30. Rh3 Qg5 31. Rg3 Qh4 32. Rh3
Qg5 33. Rg3 Qh4 34. Rh3 {Game drawn by repetition} 1/2-1/2

[Event "ICC tourney 2156 (40 10)"]
[Site "Internet Chess Club"]
[Date "2020.11.22"]
[Round "5"]
[White "SupaHotFiya"]
[Black "Chesssaga"]
[Result "1-0"]
[ICCResult "Black resigns"]
[WhiteElo "1975"]
[BlackElo "1965"]
[Opening "Vienna game"]
[ECO "C28"]
[NIC "VG.04"]
[Time "20:01:15"]
[TimeControl "2400+10"]

1. e4 e5 2. Nc3 Nc6 3. Bc4 Nf6 4. d3 Na5 5. f4 d6 6. Nf3 Nxc4 7. dxc4 Be6 8.
Qd3 exf4 9. Bxf4 Qd7 10. O-O Be7 11. b3 O-O 12. Rae1 a6 13. a4 Rfd8 14. Nd5
h6 15. Nd4 Ng4 16. Qg3 g5 17. Bd2 Ne5 18. h4 Bxd5 19. exd5 f6 20. Ne6 Rf8
21. Nxf8 Rxf8 22. hxg5 fxg5 23. Rxf8+ Bxf8 24. Bc3 Bg7 25. Bxe5 Bxe5 26. Qh3
Qxh3 27. gxh3 Kg7 28. Kg2 Kg6 29. Rf1 Bf4 30. Kf3 a5 31. Ke4 h5 32. h4 Be5
33. hxg5 h4 34. Rf8 h3 35. Kf3 h2 36. Kg2 Kxg5 37. Rb8 b6 38. Rb7 Kf5 39.
Rxc7 Ke4 40. Rc6 Kd4 41. Rxb6 Kc3 42. c5 dxc5 43. d6 Kxc2 44. d7 Bc7 45. Rb7
Bd8 46. Kxh2 Kb2 47. Kg3 Ka3 48. Kf4 c4 49. bxc4 Kxa4 50. c5 Ka3 51. c6 a4
52. c7 Bxc7+ 53. Rxc7 Ka2 54. d8=Q {Black resigns} 1-0